 Dungeon Crawl Stone Soup version 0.29.1-13-g9f3cf754e1 (webtiles) character file.

Game seed: 6552308396354516890

30 Vulpanium the Trooper (level 3, 0/31 HPs)
             Began as a Draconian Monk on Jan 22, 2023.
             Slain by Terence
             ... wielding a +0 trident
              (2 damage)
             ... on level 2 of the Dungeon.
             The game lasted 00:02:42 (746 turns).

Vulpanium the Trooper (Draconian Monk)               Turns: 746, Time: 00:02:43

Health: 0/31       AC:  5    Str: 15    XL:     3   Next: 5%
Magic:  3/3        EV: 13    Int: 10    God:
Gold:   0          SH:  0    Dex: 13    Spells: 2/2 levels left

rFire   . . .      SeeInvis .   a - +0 hand axe
rCold   . . .      Faith    .   (no shield)
rNeg    . . .      Spirit   .   (body armour unavailable)
rPois   .          Reflect  .   (helmet restricted)
rElec   .          Harm     .   (no cloak)
rCorr   .          Rampage  .   (no gloves)
Will    .....                   (no boots)
Stlth   ++........              (no amulet)
HPRegen 0.10/turn               (no ring)
MPRegen 0.08/turn               (no ring)

@: lethally poisoned (0 -> -8)
A: AC +5, unfitting armour, cold-blooded
a: no special abilities


You were on level 2 of the Dungeon.
You visited 1 branch of the dungeon, and saw 2 of its levels.

Inventory:

Hand Weapons
 a - a +0 hand axe (weapon)
Scrolls
 d - 2 scrolls of identify {unknown}
 f - a scroll of teleportation {unknown}
 g - a scroll of enchant weapon {unknown}
Potions
 b - a potion of ambrosia
 c - a potion of flight {unknown}
 e - a potion of brilliance {unknown}


   Skills:
 + Level 3.5 Fighting
 + Level 3.4 Axes
 + Level 3.1 Dodging
 + Level 2.0 Stealth


You had 2 spell levels left.
You didn't know any spells.
Your spell library was empty.

Dungeon Overview and Level Annotations

Branches:
Dungeon (1/15)

Altars:

Annotations:
D:2 Terence


Innate Abilities, Weirdness & Mutations

Your plain brown scales are hard. (AC +5)
You cannot fit into any form of body armour.
You are cold-blooded and may be slowed by cold attacks.


Message History

You closely miss the jackal. You hit the jackal. The jackal bites you.
The jackal bites you but does no damage.
An adder comes into view.
The jackal closely misses you.
The jackal bites you but does no damage.
You barely miss the jackal.
The adder hisses angrily.
You hit the jackal.
You kill the jackal!
The bat barely misses you.
Terence the Incautious comes into view.
He is wielding a +0 trident.
The jackal misses you.
Terence shouts!
You hit the jackal but do no damage.
You hear a shout!
The bat barely misses you. The jackal closely misses you. The jackal bites you.
You closely miss the jackal.
Terence hits you from afar with a +0 trident.
The jackal bites you but does no damage.
The bat barely misses you.
You hit the jackal but do no damage. You hit the bat.
You kill the bat!
The jackal closely misses you.
Terence hits you from afar with a +0 trident.
The jackal misses you. The adder barely misses you.
You closely miss the jackal. You hit the adder. Terence completely misses you.
The jackal barely misses you. The adder closely misses you.
Terence hits you from afar with a +0 trident!
* * * LOW HITPOINT WARNING * * *
The jackal closely misses you. The jackal barely misses you.
A kobold comes into view.
It is wielding a +1 short sword of speed.
The adder bites you.
* * * LOW HITPOINT WARNING * * *
You are lethally poisoned!
The adder poisons you! The adder bites you.
* * * LOW HITPOINT WARNING * * *
You are more poisoned.
The adder poisons you!
Terence hits you from afar with a +0 trident.
You die...

..$. .....#. #
....... .# .....K..
.# ...... .###$#
......# ....#
......@##..#
.......S#.##########.
.....##h@............
... ##....#####.... .
#....# . #....#
#....# ######


You could see Terence, an adder and a jackal.

Vanquished Creatures
  5 endoplasms (D:1)
  2 goblins (D:1)
  A hobgoblin (D:1)
  4 jackals
  4 kobolds (D:1)
  2 ball pythons (D:1)
  6 bats
  4 rats (D:1)
28 creatures vanquished.

Notes
Turn   | Place    | Note
-------+----------+-------------------------------------------
     0 | D:1      | Vulpanium the Draconian Monk began the quest for the Orb.
     0 | D:1      | Reached XP level 1. HP: 19/19 MP: 1/1
   185 | D:1      | Reached XP level 2. HP: 25/26 MP: 2/2
   728 | D:1      | You fall into a shaft and drop 1 floor!
   739 | D:2      | Reached XP level 3. HP: 28/31 MP: 3/3
   740 | D:2      | Noticed Terence
   746 | D:2      | Slain by Terence

Illustrated notes

Levels and vault maps discovered:
D:1:      tarquinn_simple_flora_water_d, layout_loops_ring,
          dreamdust_ecumenical_altar_drowned_temple, grunt_decor_arrowhead
D:2:      layout_rooms, uniq_terence

Skill      XL: |  1  2 |
---------------+-------+-----
Dodging        | 3 |  3.1
Stealth        | 2 |  2.0
Fighting       | |  3.5
Axes           | |  3.4

Action                   || total
-------------------------++-------
Melee: Hand axe          ||    77
       Tailslap          ||     5
       Punch             ||     1
 Stab: Sleeping          ||     1
Armor: Skin              ||    49
Dodge: Dodged            ||   106
